Workbook

Sheet Tab 1 - Reporting Overview
A1: Award #: | G1: Recipient:
A3: Reporting Period: | C3: - | G3: Request #: | I3: Claim #: | J3: =CONCATENATE(B1,H3)
A5: Activity Date Range: | C5: -
A7: Expenditure Summary for This Reporting Period | G7: Summarize Key Activities and Performance Achievements for all claims
A8: Budget Category | D8: Category Total | G8: being reported during this reporting period.
A9: Personnel | D9: ='Tab 2 - Personnel Expenses'!G27 -> 0
A11: Fringe Benefits | D11: ='Tab 3 - Fringe Benefits'!K27 -> 0
A13: Travel | D13: ='Tab 4 - Travel'!J27 -> 0
A15: Mileage (not associated with travel) | D15: ='Tab 5 - Mileage'!F27 -> 0
A17: TOTAL: | D17: =SUM(D9:E16) -> 0
A19: I hereby certify that the information presented is true and valid and incurred in accordance with the agreement.
A22: Completed By:
A24: Date:
A26: FLAIR Remittance Address | G26: FDLE USE ONLY
A27: Payee Name: | G27: Total Request: | H27: =D17 -> 0 | I27: =CONCATENATE(J3," Net Payable") -> Net Payable
A28: Address 1: | G28: Charged to Cash Advance: | I28: =H27-H28 -> 0
A29: Address 2: | G29: GAII Signature/Date:
A30: City, State, Zip Code | G30: Approval Signature/Date:
A31: FLAIR Vendor #:

Sheet Tab 2 - Personnel Expenses
A2: Award #: | B2: ='Tab 1 - Reporting Overview'!B1 -> 0 | C2: Recipient: | D2: ='Tab 1 - Reporting Overview'!H1 -> 0
A4: Request #: | B4: ='Tab 1 - Reporting Overview'!H3 -> 0 | C4: Reporting Period: | D4: ='Tab 1 - Reporting Overview'!B3 -> 0 | E4: to | F4: ='Tab 1 - Reporting Overview'!D3 -> 0
A6: Claim #: | B6: =CONCATENATE(B2,B4) -> 00 | C6: Activity Date Range: | D6: ='Tab 1 - Reporting Overview'!B5 -> 0 | E6: to | F6: ='Tab 1 - Reporting Overview'!D5 -> 0
A8: DETAIL OF PERSONNEL COSTS (Salaries/Overtime)
A9: Name | B9: Title | C9: Description of Activities | D9: Dates of work performed | E9: Hours worked | F9: Date Paid | G9: Amount Paid
A27: Total Personnel: | G27: =SUM(G10:G26) -> 0

Sheet Tab 3 - Fringe Benefits
B2: Award #: | C2: ='Tab 1 - Reporting Overview'!B1 -> 0 | G2: Recipient: | H2: ='Tab 1 - Reporting Overview'!H1 -> 0
B4: Request #: | C4: ='Tab 1 - Reporting Overview'!H3 -> 0 | G4: Reporting Period: | H4: ='Tab 1 - Reporting Overview'!B3 -> 0 | I4: to | J4: ='Tab 1 - Reporting Overview'!D3 -> 0
B6: Claim #: | C6: =CONCATENATE(C2,C4) -> 00 | E6: Activity Date Range: | H6: ='Tab 1 - Reporting Overview'!B5 -> 0 | I6: to | J6: ='Tab 1 - Reporting Overview'!D5 -> 0
B8: DETAIL OF FRINGE BENEFITS
B9: Name and Title | C9: Date Paid | D9: FICA | E9: Health Insurance | F9: Life Insurance | G9: Worker's Comp | H9: Retirement | I9: Other | J9: If other, please explain | K9: Total Benefits
K10: =SUM(D10:I10) -> 0
K11: =SUM(D11:I11) -> 0
K12: =SUM(D12:I12) -> 0
K13: =SUM(D13:I13) -> 0
K14: =SUM(D14:I14) -> 0
K15: =SUM(D15:I15) -> 0
K16: =SUM(D16:I16) -> 0
K17: =SUM(D17:I17) -> 0
K18: =SUM(D18:I18) -> 0
K19: =SUM(D19:I19) -> 0
K20: =SUM(D20:I20) -> 0
K21: =SUM(D21:I21) -> 0
... K26: =SUM(D26:I26) -> 0
B27: Fringe Benefit Cost Total: | K27: =SUM(K10:K26) -> 0

Sheet Tab 4 - Travel
A2: Award #: | B2: ='Tab 1 - Reporting Overview'!B1 -> 0 | D2: Recipient: | E2: ='Tab 1 - Reporting Overview'!H1 -> 0
A4: Request #: | B4: ='Tab 1 - Reporting Overview'!H3 -> 0 | D4: Reporting Period: | E4: ='Tab 1 - Reporting Overview'!B3 -> 0 | G4: to | H4: ='Tab 1 - Reporting Overview'!D3 -> 0
A6: Claim #: | B6: =CONCATENATE(B2,B4) -> 00 | C6: Activity Date Range: | E6: ='Tab 1 - Reporting Overview'!B5 -> 0 | G6: to | H6: ='Tab 1 - Reporting Overview'!D5 -> 0
A8: DETAIL OF TRAVEL
A9: Employee name and title | B9: Travel point of origin to destination | C9: Purpose of travel (i.e. training, case # or conference) | D9: Dates of travel with hours of departure and return | E9: Meals | F9: Hotel | G9: Mileage (total miles x $.445/mi) | H9: Other | I9: If other, please explain | J9: Amount Paid
J10: =SUM(E10:H10) -> 0
J11: =SUM(E11:H11) -> 0
J12: =SUM(E12:H12) -> 0
J13: =SUM(E13:H13) -> 0
J14: =SUM(E14:H14) -> 0
J15: =SUM(E15:H15) -> 0
J16: =SUM(E16:H16) -> 0
J17: =SUM(E17:H17) -> 0
J18: =SUM(E18:H18) -> 0
J19: =SUM(E19:H19) -> 0
J20: =SUM(E20:H20) -> 0
J21: =SUM(E21:H21) -> 0
... J26: =SUM(E26:H26) -> 0
A27: Travel Total: | J27: =SUM(J10:J26) -> 0

Sheet Tab 5 - Mileage
A2: Award #: | B2: ='Tab 1 - Reporting Overview'!B1 -> 0 | D2: ='Tab 1 - Reporting Overview'!H1 -> 0
A4: Request #: | B4: ='Tab 1 - Reporting Overview'!H3 -> 0 | D4: ='Tab 1 - Reporting Overview'!B3 -> 0 | E4: to | F4: ='Tab 1 - Reporting Overview'!D3 -> 0
A6: Claim #: | B6: =CONCATENATE(B2,B4) -> 00 | C6: Activity Date Range: | D6: ='Tab 1 - Reporting Overview'!B5 -> 0 | E6: to | F6: ='Tab 1 - Reporting Overview'!D5 -> 0
A8: DETAIL OF MILEAGE
A9: Employee Name and Title | B9: Case Number or Training Title | C9: Dates | D9: Miles | E9: Rate Per Mile | F9: Total Charged to Project
E10: 0.445 | F10: =D10*E10 -> 0
E11: 0.445 | F11: =D11*E11 -> 0
E12: 0.445 | F12: =D12*E12 -> 0
E13: 0.445 | F13: =D13*E13 -> 0
E14: 0.445 | F14: =D14*E14 -> 0
E15: 0.445 | F15: =D15*E15 -> 0
E16: 0.445 | F16: =D16*E16 -> 0
E17: 0.445 | F17: =D17*E17 -> 0
E18: 0.445 | F18: =D18*E18 -> 0
E19: 0.445 | F19: =D19*E19 -> 0
E20: 0.445 | F20: =D20*E20 -> 0
E21: 0.445 | F21: =D21*E21 -> 0
... E26: 0.445 | F26: =D26*E26 -> 0
A27: Mileage Total: | F27: =SUM(F10:F26) -> 0
